 Dungeon Crawl Stone Soup version 0.29.0-15-g675c0067aa (webtiles) character file.

Game seed: 1418880821941432744

1 qw the Sneak (level 1, -1/14 HPs)
             Began as a Gargoyle Delver on Sept 11, 2022.
             Slain by Pargi (6 damage)
             ... on level 4 of the Dungeon.
             The game lasted 00:00:01 (22 turns).

qw the Sneak (Gargoyle Delver)                        Turns: 22, Time: 00:00:01

Health: -1/14      AC:  5    Str: 15    XL:     1   Next: 20%
Magic:  1/1        EV: 11    Int: 10    God:
Gold:   11         SH:  0    Dex: 11    Spells: 0/0 levels left

rFire   . . .      SeeInvis .   a - +0 hand axe
rCold   . . .      Faith    .   (no shield)
rNeg    + . .      Spirit   .   b - +0 leather armour
rPois   inf        Reflect  .   (no helmet)
rElec   +          Harm     .   (no cloak)
rCorr   .          Rampage  .   (no gloves)
Will    .....                   (no boots)
Stlth   +++.......              (no amulet)
HPRegen 0.04/turn               (no ring)
MPRegen 0.07/turn               (no ring)

@: no status effects
A: sickness immunity, AC +2, negative energy resistance 1, electricity
resistance, torment resistance 1, petrification resistance
a: no special abilities


You were on level 4 of the Dungeon.
You visited 1 branch of the dungeon, and saw 2 of its levels.

You collected 11 gold pieces.


Innate Abilities, Weirdness & Mutations

You are immune to sickness and miasma.
Your stone body is resilient. (AC +2)
You are immune to poison.
You resist negative energy. (rN+)
You are resistant to electric shocks. (rElec)
You are resistant to unholy torment.
You are immune to petrification.


   Skills:
 - Level 3.2 Fighting
 + Level 1.9 Axes
 - Level 1.5 Dodging
 - Level 5.4 Stealth


You couldn't memorise any spells.
You didn't know any spells.
Your spell library was empty.

Inventory:

Hand Weapons
 a - a +0 hand axe (weapon)
Armour
 b - a +0 leather armour (worn)
Wands
 g - a wand of digging (3)
Potions
 f - a potion of haste

Dungeon Overview and Level Annotations

Branches:
Dungeon (5/15)
 Temple: D:4-7

Altars:

Annotations:
D:4 Pargi


Message History

You now have 11 gold pieces.
6 ||| DROPPING scroll of fog.
You drop a scroll of fog.
7 ||| DROPPING scroll of magic mapping.
You drop a scroll of magic mapping.
8 ||| DROPPING scroll of fear.
You drop a scroll of fear.
(D) Dungeon
Where to? (* - list waypoints, ? - help)
What level of the Dungeon? (default 1, ? - help)
There is a stone staircase leading up here.
You climb upwards.
Found 11 gold pieces.
There is a stone staircase leading down here.
There are monsters nearby!
Existing waypoints: (2) D:5 Assign waypoint to what number? (0-9, D - delete waypoint) Waypoint 1 assigned to D:4.
Enter note: Pargi shouts!
You hear a shout! x2
The adder hisses angrily.
Pargi clenches his teeth.
You closely miss the iguana.
The kobold shouts!
You hit the kobold.
You kill the kobold!
The iguana bites you but does no damage.
You barely miss the iguana. You hit the adder. You miss Pargi.
The adder misses you.
Pargi hisses menacingly.
Pargi bites you.
Pargi claws you. x2; The iguana closely misses you.
The adder bites you but does no damage.
You hit the adder.
The adder is heavily wounded.
You hit the iguana but do no damage. You closely miss Pargi.
The adder bites you but does no damage. Pargi bites you.
Pargi closely misses you. x2; The iguana barely misses you.
You miss the adder.
The adder is heavily wounded.
You hit Pargi but do no damage. You closely miss the iguana.
The adder barely misses you. Pargi bites you.
You die...

.. ###.##
...##....#####
..#......#..#.
###.$..........
...............
...............
#........#
#)@....#
#.SlT......
.............
...............
...............
...............
...............
...............


You could see Pargi, an iguana and an adder.

Vanquished Creatures
  A kobold (D:4)
1 creature vanquished.

Notes
Turn   | Place    | Note
-------+----------+-------------------------------------------
     0 | D:5      | qw the Gargoyle Delver began the quest for the Orb.
     0 | D:5      | Reached XP level 1. HP: 14/14 MP: 1/1
     0 | D:5      | 0 ||| qw: Version: 0.1-a-118-gb4e7ce6
     0 | D:5      | 0 ||| qw: Game counter: 10471
     0 | D:5      | 0 ||| qw: Always use a shield: true
     0 | D:5      | 0 ||| qw: God list: Okawaru
     0 | D:5      | 0 ||| qw: Allow faded altars: false
     0 | D:5      | 0 ||| qw: Do Orc after D:15 true
     0 | D:5      | 0 ||| qw: Do second Lair branch before Depths: true
     0 | D:5      | 0 ||| qw: Lair rune preference: random
     0 | D:5      | 0 ||| qw: Plans: Normal
     0 | D:5      | 0 ||| PLANNING D:1-11
     6 | D:5      | 6 ||| DROPPING scroll of fog.
     7 | D:5      | 7 ||| DROPPING scroll of magic mapping.
     8 | D:5      | 8 ||| DROPPING scroll of fear.
    15 | D:4      | Noticed Pargi
    15 | D:4      | Noticed an iguana
    22 | D:4      | Slain by Pargi

Levels and vault maps discovered:
D:4:      layout_cave_pools, gammafunk_ghost_smash, uniq_pargi, uniq_eustachio,
          uniq_robin
D:5:      gammafunk_wand_slinger, layout_basic, guppyfry_shop_venom

Action                   || total
-------------------------++-------
Melee: Hand axe          ||     4
Armor: Leather armour    ||     3
Dodge: Dodged            ||     6

Table legend:
 A = Non-vault XP
 B = Vault XP
 C = Vault XP percentage of total XP
 D = Non-vault monster count
 E = Vault monster count
 F = Vault count percentage of total count
                 A         B        C        D         E       F
            +---------+---------+-------+---------+---------+-------
      Total |       2 |       0 |   0.0 |       1 |       0 |   0.0
            +---------+---------+-------+---------+---------+-------
        D:4 |       2 |       0 |   0.0 |       1 |       0 |   0.0
            +---------+---------+-------+---------+---------+-------
